LongDucDong, neutral male human Monk ---- ------ |.. |....+ |..------ |<...| |..|....| |.....# |..|....| |....|# |..---|----- . ------# |.......|..|.. # |..----.|..||--- | # |..|..)%-|--.G{..- -- # %...|..|...)$oY......- # `##|..|---|---@----+-- # # |..| |...|.+ ###### ### |..| |(((|)| #---------- # |..| |(((|G- #|........|### #+..- -----. #.........-#######|.. .. ---------- ---- ---- LongDucDong the Initiate Experience level: 6 Strength: 15 Dexterity: 12 Constitution: 13 Intelligence: 9 Wisdom: 16 Charisma: 9 Health: 0(47) Energy: 30(30) Def: 6 Gold: 404 Moves: 2070 Dungeon seed: nkkoO7EeVDjm_oQd Game ID: LongDucDong_1524104906 Your Inventory: Coins $ - 404 gold pieces Weapons f - a cursed -2 aklys k - 12 uncursed rusty +0 shuriken (in quiver) v - a blessed +0 arrow y - a cursed -3 scimitar I - an uncursed +0 crossbow L - a blessed +0 sling O - 3 cursed -1 daggers U - 14 uncursed +0 crossbow bolts W - 10 uncursed +0 arrows X - an uncursed +4 dwarvish mattock named Mattock of Revenge Z - an uncursed +0 bow Armor e - an uncursed +2 pair of leather gloves (being worn) l - an uncursed +0 dwarvish cloak n - an uncursed +0 pair of gauntlets of dexterity p - an uncursed +0 dwarvish iron helm (being worn) t - a cursed +0 pair of iron shoes u - a cursed -1 dwarvish cloak x - an uncursed +0 pair of iron shoes z - an uncursed +0 leather armor B - an uncursed +0 dwarvish cloak D - an uncursed +0 cloak of displacement (being worn) N - an uncursed +0 pair of water walking boots Y - an uncursed +0 cornuthaum Comestibles d - 2 uncursed food rations g - an uncursed partly eaten food ration o - an uncursed tin of newt meat P - an uncursed tripe ration Scrolls b - an uncursed scroll of confuse monster E - an uncursed scroll of water Spellbooks a - a blessed spellbook of blank paper m - an uncursed spellbook of blank paper Potions C - an uncursed potion of extra healing G - an uncursed potion of healing K - a blessed potion of restore ability Q - an uncursed potion of gain ability Wands i - an uncursed very rusty wand of enlightenment (0:3) s - an uncursed very rusty wand of enlightenment (0:14) H - an uncursed wand of make invisible (0:7) Tools j - an uncursed oil lamp (0:1041) A - an uncursed +0 pick-axe Gems h - an uncursed worthless piece of green glass q - 2 uncursed worthless pieces of yellowish brown glass r - 2 uncursed worthless pieces of yellow glass w - an uncursed ruby M - an uncursed worthless piece of white glass R - an uncursed worthless piece of blue glass S - an uncursed worthless piece of black glass V - an uncursed worthless piece of violet glass Spells and supernatural/magical abilities: Name Level Category Fail Memory z - sleep 2 enchantment 100% 90% W - pray for help -- divine ? -- Your skills at the end: Miscellaneous Skills martial arts [Skilled] wands [Basic] stealth [Skilled] Weapon Skills shuriken [Basic] Spellcasting Skills healing spells [Basic] Final Attributes: You were devoutly aligned. You were sleep resistant. You were poison resistant. You saw invisible. You were displaced. You were somewhat stealthy. You were fast. You are dead. Vanquished creatures: a small mimic a rock piercer a shrieker 4 gnome lords 2 gnomish wizards 2 kittens 3 dwarves 2 homunculi 2 iguanas 2 hill orcs 2 rothes a rabid rat a jitterbug 4 monkeys an orc zombie 4 coyotes a gas spore a hobbit an acid blob a gecko 2 giant rats a yellow mold 19 gnomes a manes 9 jackals 6 newts 3 goblins 3 sewer rats a grid bug 3 lichens 85 creatures vanquished. Voluntary challenges: You were vegetarian. You did not adorn yourself with jewelry or accessories. You did not cause conflict. You were not invisible. You did not have reflection. You were an atheist. You never hit with a wielded weapon. You did not use tools. You did not use plumbed fixtures. You read items or engraved 10 times, starting on turn 453. You never genocided any monsters. You never polymorphed an object. You never changed form. You used no wishes. You never split a pudding. You never wrote Elbereth's name. You violated your moral code, losing 1 point of alignment, starting on turn 1192. Dungeon overview: The Dungeons of Doom: levels 1 to 5 Level 1 a long staircase Level 2 a weapon shop, some fountains stairs to The Gnomish Mines Level 3 a fountain Level 4 an altar to Shan Lai Ching Level 5 The Gnomish Mines: levels 3 to 5 Level 3 stairs to The Dungeons of Doom Level 4 Level 5 <- You were here a lighting shop, a fountain History has recorded: On T:1 you entered the Dungeons of Doom to retrieve the Amulet of Yendor! On T:247 you reached level 2 of The Dungeons of Doom. On T:381 you advanced to experience level 2. On T:408 you advanced to experience level 3. On T:606 you reached level 3 of The Dungeons of Doom. On T:676 you advanced to experience level 4. On T:808 you reached level 4 of The Dungeons of Doom. On T:823 you reached level 5 of The Dungeons of Doom. On T:1415 you reached level 1 of The Gnomish Mines. On T:1416 you advanced to experience level 5. On T:1687 you reached level 2 of The Gnomish Mines. On T:1741 you advanced to experience level 6. On T:1881 you reached level 3 of The Gnomish Mines. Score breakdown: Gold: 404 ( 40 points) Experience: 6 levels ( 500 points) Exploration: 5 levels ( 120 points) Discoveries: 28 items ( 1400 points) Variety of kills: 30 monsters ( 1500 points) Major goal: (nothing yet) ( 0 points) Survival: died (score multiplied by 3) Total score: 10680 Latest messages: You kill the gnomish wizard! There are a few objects here. You have a little trouble lifting $ - 16 gold pieces. You have a little trouble lifting y - a curved sword. The hill orc throws an orcish dagger! You are hit by an orcish dagger. You kill the gnome! You see here a thonged club. This door is locked. You kill the monkey! There are a few objects here. You have a little trouble lifting D - a +0 cloak of displacement. The hill orc punches you! The hill orc wields a curved sword! You start equipping your cloak of displacement. You are now wearing a cloak of displacement. You kill the hill orc! The hill orc swings his curved sword at you. The hill orc hacks you! You die... Final status: Goodbye LongDucDong the Monk, killed by a hill orc... You died in The Gnomish Mines on dungeon level 5 with 10680 points, and 404 pieces of gold, after 2070 moves. You were level 6 with a maximum of 47 hit points when you died.